BR (22 & UNDER)
RANCHO CUCAMONGA SICK MONKEYS @ WATERTOWN HEADHUNTERS
09/03/2029
 
TOP OF THE 1ST
Rancho Cucamonga Sick Monkeys batting - Pitching for Watertown Headhunters : RHP Darren Dailey
Pitching: RHP Darren Dailey
Batting: SHB Jimmy Mayer 0-0: Foul Ball, location: 2F
0-1: Ball
1-1: Foul Ball, location: 2F
1-2: Ground out 4-3 (Groundball, 4)
Batting: LHB Kevin Hatcher 0-0: Ball
1-0: Ball
2-0: Called Strike
2-1: Called Strike
2-2: Foul Ball, location: 2F
2-2: Ball
3-2: Fly out, F5 (Line Drive, 56)
Batting: LHB Ed Ballard 0-0: Called Strike
0-1: Swinging Strike
0-2: Strikes out swinging
Top of the 1st over - 0 runs, 0 hits, 0 errors, 0 left on base; Rancho Cucamonga 0 - Watertown 0
BOTTOM OF THE 1ST
Watertown Headhunters batting - Pitching for Rancho Cucamonga Sick Monkeys : LHP Keith O'Higgins
Pitching: LHP Keith O'Higgins
Batting: RHB John Weber 0-0: Fly out, F9 (Flyball, 89M)
Batting: RHB Jeff Richardson 0-0: Fly out, F3 (Line Drive, 34)
Batting: LHB Leonardo Torres 0-0: Foul Ball, location: 2F
0-1: Called Strike
0-2: Strikes out swinging, 2-3 out at first.
Bottom of the 1st over - 0 runs, 0 hits, 0 errors, 0 left on base; Rancho Cucamonga 0 - Watertown 0
TOP OF THE 2ND
Rancho Cucamonga Sick Monkeys batting - Pitching for Watertown Headhunters : RHP Darren Dailey
Batting: LHB Terry Barton 0-0: Foul Ball, location: 2F
0-1: Swinging Strike
0-2: Ball
1-2: Strikes out swinging
Batting: RHB Hank Brown 0-0: Called Strike
0-1: Ground out 4-3 (Groundball, 4)
Batting: SHB Paco Estrada 0-0: Ball
1-0: Called Strike
1-1: SINGLE (Line Drive, 7S)
Batting: RHB Aaron Adams 0-0: Ball
1-0: Ball
2-0: Swinging Strike
2-1: Ball
3-1: Ground out 6-3 (Groundball, 6M)
Top of the 2nd over - 0 runs, 1 hit, 0 errors, 1 left on base; Rancho Cucamonga 0 - Watertown 0
BOTTOM OF THE 2ND
Watertown Headhunters batting - Pitching for Rancho Cucamonga Sick Monkeys : LHP Keith O'Higgins
Batting: RHB Paco Canó 0-0: Ball
1-0: Foul Ball, location: 2F
1-1: Called Strike
1-2: Ground out 6-3 (Groundball, 6)
Batting: RHB Robinson Martínez 0-0: Foul Ball, location: 2F
0-1: Foul Ball, location: 2F
0-2: Ball
1-2: Strikes out swinging
Batting: LHB William Mitchell 0-0: Called Strike
0-1: Called Strike
0-2: Ball
1-2: Foul Ball, location: 2F
1-2: Strikes out looking
Bottom of the 2nd over - 0 runs, 0 hits, 0 errors, 0 left on base; Rancho Cucamonga 0 - Watertown 0
TOP OF THE 3RD
Rancho Cucamonga Sick Monkeys batting - Pitching for Watertown Headhunters : RHP Darren Dailey
Batting: RHB Greg Fowler 0-0: Ball
1-0: Foul Ball, location: 2F
1-1: Fly out, F3 (Popup, 3F)
Batting: RHB Mike Cooley 0-0: SINGLE (Line Drive, 56D)
Batting: SHB Jimmy Mayer 0-0: Grounds into double play, 4-6-3 (Groundball, 4)
Top of the 3rd over - 0 runs, 1 hit, 0 errors, 0 left on base; Rancho Cucamonga 0 - Watertown 0
BOTTOM OF THE 3RD
Watertown Headhunters batting - Pitching for Rancho Cucamonga Sick Monkeys : LHP Keith O'Higgins
Batting: SHB José Agámez 0-0: Ball
1-0: Ball
2-0: DOUBLE (Line Drive, 89D)
Batting: LHB José Deleón 0-0: Swinging Strike
0-1: Called Strike
0-2: Strikes out swinging
Batting: RHB Mike Fitzpatrick 0-0: Ball
1-0: Foul Ball, location: 2F
1-1: Swinging Strike
1-2: Strikes out swinging
Batting: RHB John Weber 0-0: Ball
1-0: Ball
2-0: Ground out 5-3 (Groundball, 25)
Bottom of the 3rd over - 0 runs, 1 hit, 0 errors, 1 left on base; Rancho Cucamonga 0 - Watertown 0
TOP OF THE 4TH
Rancho Cucamonga Sick Monkeys batting - Pitching for Watertown Headhunters : RHP Darren Dailey
Batting: LHB Kevin Hatcher 0-0: Swinging Strike
0-1: Foul Ball, location: 2F
0-2: Foul Ball, location: 2F
0-2: Ball
1-2: Ball
2-2: Ball
3-2: Strikes out swinging
Batting: LHB Ed Ballard 0-0: Ball
1-0: Ball
2-0: Ball
3-0: Base on Balls
Batting: LHB Terry Barton 0-0: Ball
1-0: Ball
2-0: Called Strike
2-1: Ball
3-1: Foul Ball, location: 2F
3-2: SINGLE (Line Drive, 8RS)
Ed Ballard to second
Ed Ballard to third
Batting: RHB Hank Brown 0-0: Foul Ball, location: 2F
0-1: Ball
1-1: Fielders Choice at 2nd, 6-4 (Groundball, 6)
Ed Ballard scores
Batting: SHB Paco Estrada 0-0: Ball
1-0: Fly out, F9 (Flyball, 9)
Top of the 4th over - 1 run, 1 hit, 0 errors, 1 left on base; Rancho Cucamonga 1 - Watertown 0
BOTTOM OF THE 4TH
Watertown Headhunters batting - Pitching for Rancho Cucamonga Sick Monkeys : LHP Keith O'Higgins
Batting: RHB Jeff Richardson 0-0: Called Strike
0-1: SINGLE (Line Drive, 7LS)
Batting: LHB Leonardo Torres 0-0: Ball
1-0: SINGLE (Groundball, 3) (infield hit)
Jeff Richardson to second
Batting: RHB Paco Canó 0-0: Ball
1-0: Called Strike
1-1: Foul Ball, location: 2F
1-2: Strikes out looking
Batting: RHB Robinson Martínez 0-0: Called Strike
0-1: Fly out, F8 (Flyball, 8LS)
Batting: LHB William Mitchell 0-0: Called Strike
0-1: Swinging Strike
0-2: Ground out 4-3 (Groundball, 4)
Bottom of the 4th over - 0 runs, 2 hits, 0 errors, 2 left on base; Rancho Cucamonga 1 - Watertown 0
TOP OF THE 5TH
Rancho Cucamonga Sick Monkeys batting - Pitching for Watertown Headhunters : RHP Darren Dailey
Batting: RHB Aaron Adams 0-0: Called Strike
0-1: Fly out, F8 (Flyball, 8RD)
Batting: RHB Greg Fowler 0-0: Ball
1-0: Ball
2-0: Foul Ball, location: 2F
2-1: Ground out 1-3 (Groundball, P)
Batting: RHB Mike Cooley 0-0: Foul Ball, location: 2F
0-1: Fly out, F8 (Flyball, 8LM)
Top of the 5th over - 0 runs, 0 hits, 0 errors, 0 left on base; Rancho Cucamonga 1 - Watertown 0
BOTTOM OF THE 5TH
Watertown Headhunters batting - Pitching for Rancho Cucamonga Sick Monkeys : LHP Keith O'Higgins
Batting: SHB José Agámez 0-0: Ground out 1-3 (Groundball, P)
Batting: LHB José Deleón 0-0: Called Strike
0-1: Ball
Error on foul ball, E3
1-2: DOUBLE (Flyball, 78D)
Batting: RHB Mike Fitzpatrick 0-0: Ball
1-0: Called Strike
1-1: Ground out 5-3 (Groundball, 56)
Batting: RHB John Weber 0-0: Called Strike
0-1: SINGLE (Flyball, 9S)
José Deleón to third
Runner from 3rd tries for Home, SAFE, throw made home
John Weber to second
Batting: RHB Jeff Richardson 0-0: Ball
1-0: Ball
2-0: Ground out 6-3 (Groundball, 6S)
Bottom of the 5th over - 1 run, 2 hits, 1 error, 1 left on base; Rancho Cucamonga 1 - Watertown 1
TOP OF THE 6TH
Rancho Cucamonga Sick Monkeys batting - Pitching for Watertown Headhunters : RHP Darren Dailey
Batting: SHB Jimmy Mayer 0-0: Ball
1-0: Called Strike
1-1: Swinging Strike
1-2: Strikes out looking
Batting: LHB Kevin Hatcher 0-0: Ball
1-0: Foul Ball, location: 2F
1-1: Swinging Strike
1-2: Foul Ball, location: 2F
1-2: Strikes out swinging
Batting: LHB Ed Ballard 0-0: Ball
1-0: Ball
2-0: Fly out, F8 (Flyball, 8LM)
Top of the 6th over - 0 runs, 0 hits, 0 errors, 0 left on base; Rancho Cucamonga 1 - Watertown 1
BOTTOM OF THE 6TH
Watertown Headhunters batting - Pitching for Rancho Cucamonga Sick Monkeys : LHP Keith O'Higgins
Batting: LHB Leonardo Torres 0-0: Ball
1-0: Ball
2-0: DOUBLE (Flyball, 78XD)
Batting: RHB Paco Canó 0-0: Intentional Walk
Batting: RHB Robinson Martínez 0-0: Fielders Choice at 2nd, 3-6 (Groundball, 34)
Leonardo Torres to third
Batting: LHB William Mitchell 0-0: Called Strike
0-1: Ball
1-1: Ball
2-1: Ball
3-1: Called Strike
3-2: Foul Ball, location: 2F
3-2: Foul Ball, location: 2F
3-2: Fielders Choice at 2nd, 3-6 (Groundball, 3)
Leonardo Torres scores
Batting: SHB José Agámez 0-0: Ball
1-0: Called Strike
1-1: Swinging Strike
1-2: Ball
2-2: Fielders Choice at 2nd, 5-4 (Groundball, 56)
Bottom of the 6th over - 1 run, 1 hit, 0 errors, 1 left on base; Rancho Cucamonga 1 - Watertown 2
TOP OF THE 7TH
Rancho Cucamonga Sick Monkeys batting - Pitching for Watertown Headhunters : RHP Darren Dailey
Batting: LHB Terry Barton 0-0: Called Strike
0-1: SOLO HOME RUN (Flyball, 9LD), Distance : 366 ft
Batting: RHB Hank Brown 0-0: Fly out, F5 (Popup, 5DF)
Pinch Hitting: LHB Caden Cleveland 0-0: Ball
1-0: Ball
2-0: Ball
3-0: Base on Balls
Pinch Hitting: LHB Clarence Bowen 0-0: Called Strike
0-1: Called Strike
0-2: Ball
1-2: Grounds into double play, 6-4-3 (Groundball, 6)
Top of the 7th over - 1 run, 1 hit, 0 errors, 0 left on base; Rancho Cucamonga 2 - Watertown 2
BOTTOM OF THE 7TH
Watertown Headhunters batting - Pitching for Rancho Cucamonga Sick Monkeys : LHP Keith O'Higgins
Now at 2B: Manny Holguín
Now at SS: Clarence Bowen
Batting: LHB José Deleón 0-0: Foul Ball, location: 2F
0-1: Ball
1-1: Ball
2-1: Called Strike
2-2: Foul Ball, location: 2F
2-2: Strikes out looking
Batting: RHB Mike Fitzpatrick 0-0: Called Strike
0-1: Foul Ball, location: 2F
0-2: Ball
1-2: Ball
2-2: Strikes out swinging
Batting: RHB John Weber 0-0: Called Strike
0-1: Fly out, F3 (Popup, 34)
Bottom of the 7th over - 0 runs, 0 hits, 0 errors, 0 left on base; Rancho Cucamonga 2 - Watertown 2
TOP OF THE 8TH
Rancho Cucamonga Sick Monkeys batting - Pitching for Watertown Headhunters : RHP Darren Dailey
Pitching: RHP Luis Gutiérrez
Batting: RHB Greg Fowler 0-0: Ball
1-0: Ball
2-0: Called Strike
2-1: Foul Ball, location: 2F
2-2: Strikes out looking
Batting: RHB Mike Cooley 0-0: Swinging Strike
0-1: Ball
1-1: Swinging Strike
1-2: Ball
2-2: Strikes out swinging
Pinch Hitting: RHB Francisco Gonzáles 0-0: Ball
1-0: Called Strike
1-1: Swinging Strike
1-2: Ball
2-2: Strikes out looking
Top of the 8th over - 0 runs, 0 hits, 0 errors, 0 left on base; Rancho Cucamonga 2 - Watertown 2
BOTTOM OF THE 8TH
Watertown Headhunters batting - Pitching for Rancho Cucamonga Sick Monkeys : LHP Keith O'Higgins
Now in RF: Marvin Montgomery
Batting: RHB Jeff Richardson 0-0: Ball
1-0: Fly out, F9 (Line Drive, 9)
Batting: LHB Leonardo Torres 0-0: Fly out, F6 (Line Drive, 6)
Batting: RHB Paco Canó 0-0: Foul Ball, location: 2F
0-1: Swinging Strike
0-2: Ball
1-2: Fly out, F8 (Flyball, 8LS)
Bottom of the 8th over - 0 runs, 0 hits, 0 errors, 0 left on base; Rancho Cucamonga 2 - Watertown 2
TOP OF THE 9TH
Rancho Cucamonga Sick Monkeys batting - Pitching for Watertown Headhunters : RHP Luis Gutiérrez
Batting: LHB Kevin Hatcher 0-0: Foul Ball, location: 2F
0-1: Ball
1-1: Called Strike
1-2: SOLO HOME RUN (Flyball, 7D), Distance : 414 ft
Batting: LHB Ed Ballard 0-0: Foul Ball, location: 2F
0-1: Called Strike
0-2: Ground out 4-3 (Groundball, 4)
Batting: LHB Terry Barton 0-0: Ball
1-0: Ball
2-0: Ball
3-0: Base on Balls
Batting: RHB Hank Brown 0-0: Ball
1-0: Called Strike
1-1: DOUBLE (Line Drive, 8LXD)
Terry Barton to third
Batting: RHB Manny Holguín 0-0: Fly out, F5 (Popup, 5SF)
Batting: LHB Clarence Bowen 0-0: Called Strike
0-1: Fly out, F4 (Line Drive, 4)
Top of the 9th over - 1 run, 2 hits, 0 errors, 2 left on base; Rancho Cucamonga 3 - Watertown 2
BOTTOM OF THE 9TH
Watertown Headhunters batting - Pitching for Rancho Cucamonga Sick Monkeys : LHP Keith O'Higgins
Pitching: RHP Juan Muñóz
Now at C: Mauro Flores
Batting: RHB Robinson Martínez 0-0: Ball
1-0: Ball
2-0: Called Strike
2-1: Swinging Strike
2-2: Ball
3-2: Strikes out swinging
Batting: LHB William Mitchell 0-0: Foul Ball, location: 2F
0-1: Ball
1-1: SINGLE (Line Drive, 34)
Batting: SHB José Agámez 0-0: Ball
1-0: Ball
2-0: Ball
3-0: Called Strike
3-1: Base on Balls
William Mitchell to second
Batting: LHB José Deleón 0-0: Swinging Strike
0-1: Ball
1-1: Foul Ball, location: 2F
1-2: Strikes out swinging
Batting: RHB Mike Fitzpatrick 0-0: Called Strike
0-1: Ball
1-1: Swinging Strike
1-2: Ball
2-2: Strikes out looking
Bottom of the 9th over - 0 runs, 1 hit, 0 errors, 2 left on base; Rancho Cucamonga 3 - Watertown 2
Saturday, December 16th, 2017 - OOTP Baseball 18.8 Build 76